 Dungeon Crawl Stone Soup version 0.19.5 (webtiles) character file.

26 lauthentik the Sneak (level 2, 0/19 HPs)
             Began as a Vampire Enchanter on May 17, 2017.
             Slain by a kobold
             ... wielding a +0 dagger
              (1 damage)
             ... on level 2 of the Dungeon.
             The game lasted 00:03:03 (884 turns).

lauthentik the Sneak (Vampire Enchanter)             Turns: 884, Time: 00:03:03

Health: 0/19       AC:  3    Str:  6 (7)  XL:     2   Next: 89%
Magic:  0/5        EV: 12    Int: 15 (17) God:
Gold:   89         SH:  0    Dex: 12 (14) Spells: 2 memorised, 2 levels left

rFire  . . .     SeeInvis +     k - +2 dagger (venom)
rCold  . . .     Gourm    .     b - +1 robe
rNeg   + . .     Faith    .     (no shield)
rPois  .         Spirit   .     (no helmet)
rElec  .         Reflect  .     (no cloak)
rCorr  .         Harm     .     (no gloves)
MR     .....                    (no boots)
Stlth  +++.......               (no amulet)
                                (no ring)
                                (no ring)

@: lethally poisoned (0 -> -5)
A: fangs 3, see invisible, unbreathing
a: no special abilities


You were on level 2 of the Dungeon.
You were not thirsty.

You visited 1 branch of the dungeon, and saw 2 of its levels.

You collected 89 gold pieces.

Inventory:

Hand Weapons
 a - a +1 dagger
 k - a +2 dagger of venom (weapon)
Missiles
 m - 5 tomahawks (quivered)
Armour
 b - a +1 robe (worn)
Scrolls
 f - a scroll of immolation {unknown}
 g - 2 scrolls of identify {unknown}
 i - a scroll of fog {unknown}
 j - a scroll of remove curse {unknown}
 l - a scroll of enchant armour {unknown}
 n - a scroll of teleportation {unknown}
Potions
 d - 2 potions of blood
 e - a potion of degeneration
 h - 2 potions of cancellation {unknown}
Books
 c - a book of Maledictions

   Spells                             Type                      Level
   a - Corona                         Hexes                        1
   b - Ensorcelled Hibernation        Hexes/Ice                    2
   c - Confuse                        Hexes                        3
   d - Tukima's Dance                 Hexes                        3
   e - Dazzling Spray                 Conjuration/Hexes            3


   Skills:
 + Level 1.4 Short Blades
 + Level 2.3 Dodging
 + Level 5.1 Stealth
 + Level 2.1 Spellcasting
 + Level 5.0 Hexes


You had 2 spell levels left.
You knew the following spells:

 Your Spells              Type           Power        Failure   Level  Hunger
a - Ensorcelled Hibernat  Hex/Ice        #.....       12%         2    ###....
b - Corona                Hex            ###....      2%          1    #......


Dungeon Overview and Level Annotations

Branches:
Dungeon (2/15)

Altars:


Innate Abilities, Weirdness & Mutations

You have razor-sharp teeth.
You have supernaturally acute eyesight. (SInv)
You can survive without breathing.


Message History

The adder looks drowsy...
* * * LOW HITPOINT WARNING * * *
You feel sick.
You are too injured to fight recklessly!
The helpless adder fails to defend itself.
You impale the adder!!
You kill the adder!
Your Stealth skill increases to level 5!
Casting: Ensorcelled Hibernation
Confirm with . or Enter, or press ? or * to list all spells.
You don't have enough magic to cast that spell.
* * * LOW HITPOINT WARNING * * *
You feel sick.
* * * LOW HITPOINT WARNING * * *
You feel sick.
It was a potion of degeneration.
There was something very wrong with that liquid.
You feel weakened.
You feel dopey.
You feel clumsy. The kobold hits you with a dagger.
You die...

#.# #.#
##.###########.#
#..............####.#
#..##########........
#..# ##.####.. #..#
#.# #..# #.# .
#..###########.####..
#...@K....w....$.....
#.############.......
#.# ######.. ##.# #..
#..# #.. #.## ##..
#.# #... #.########
###... #........#
####.....


You could see a worm and a kobold.

Vanquished Creatures
  An adder (D:2)
  2 dart slugs (D:1)
  4 goblins (D:1)
  A hobgoblin (D:1)
  2 bats (D:1)
  A frilled lizard (D:1)
  3 kobolds (D:1)
  A rat (D:1)
15 creatures vanquished.

Notes
Turn   | Place    | Note
-------+----------+-------------------------------------------
     0 | D:1      | lauthentik the Vampire Enchanter began the quest for the Orb.
     0 | D:1      | Reached XP level 1. HP: 13/13 MP: 3/3
     6 | D:1      | Noticed a swamp drake
     6 | D:1      | Noticed a polar bear
     6 | D:1      | Noticed an anaconda
   167 | D:1      | Reached XP level 2. HP: 2/19 MP: 1/5
   171 | D:1      | Learned a level 2 spell: Ensorcelled Hibernation
   633 | D:1      | Reached skill level 5 in Hexes
   879 | D:2      | Reached skill level 5 in Stealth
   884 | D:2      | Slain by a kobold

Skill      XL: |  1  2 |
---------------+-------+-----
Hexes          | 5 |  5.0
Stealth        | 5 |  5.1
Short Blades   | |  1.4
Dodging        | |  2.3
Spellcasting   | |  2.1

Action                   || total
-------------------------++-------
Melee: Dagger            ||    42
       Bite              ||     2
 Cast: Corona            ||     7
       Ensorcelled Hiber ||     5
  Use: Potion            ||     1
 Stab: Sleeping          ||     7
Armor: Robe              ||     4
Dodge: Dodged            ||    33
